 Dungeon Crawl Stone Soup version 0.32-a0-732-ga344392067 (webtiles) character file.

Game seed: 13620758135004549686

7 croobank the Trooper (level 1, 0/18 HPs)
             Began as a Demonspawn Cinder Acolyte on Mar 16, 2024.
             Was a High Priest of Ignis.
             Frozen to death by an endoplasm (5 damage)
             ... on level 1 of the Dungeon.
             The game lasted 00:00:54 (233 turns).

croobank the Trooper (Demonspawn Cinder Acolyte)     Turns: 233, Time: 00:00:54

Health: 0/18       AC:  2    Str: 14    XL:     1   Next: 83%
Magic:  2/2        EV: 10    Int: 14    God:    Ignis [*****.]
Gold:   29         SH:  0    Dex:  8    Spells: 2/2 levels left

rFire   + . .        e - +0 dagger
rCold   . . .        (no shield)
rNeg    . . .        b - +0 robe
rPois   .            (no helmet)
rElec   .            (no cloak)
rCorr   .            (no gloves)
SInv    .            (no boots)
Will    .....        (no amulet)
Stlth   +            (no ring)
HPRegen 0.23/turn    (no ring)
MPRegen 0.08/turn

%: no passive effects
@: no status effects
A: no striking features
a: Renounce Religion, Fiery Armour, Foxfire Swarm, Rising Flame


You were on level 1 of the Dungeon.
You worshipped Ignis.
Ignis was extremely pleased with you.
You visited 1 branch of the dungeon, and saw 1 of its levels.

You collected 29 gold pieces.

Inventory:

Hand Weapons
 a - a -1 short sword of flaming
 e - a +0 dagger (weapon)
Armour
 b - a +0 robe (worn)
Scrolls
 c - a scroll of enchant armour {unknown}
Potions
 d - a potion of degeneration {unknown}


   Skills:
 + Level 3.1 Fighting
 + Level 2.8 Short Blades
 + Level 1.2 Spellcasting
 + Level 2.8 Fire Magic


You had 2 spell levels left.
You didn't know any spells.
Your spell library contained the following spells:

 Spells                   Type           Power      Damage    Failure   Level
 Scorch                   Fire           16%        2d5       12%         2


Dungeon Overview and Level Annotations

Branches:
Dungeon (1/15)

Altars:


Message History

The hobgoblin is moderately wounded.
You hit the hobgoblin but do no damage.
The hobgoblin is moderately wounded.
The hobgoblin closely misses you.
You hit the hobgoblin but do no damage.
The hobgoblin is moderately wounded.
The hobgoblin hits you.
You closely miss the hobgoblin.
The hobgoblin is moderately wounded.
The hobgoblin closely misses you.
You closely miss the hobgoblin.
The hobgoblin is moderately wounded.
The hobgoblin hits you.
You hit the hobgoblin.
The hobgoblin is severely wounded.
The hobgoblin misses you.
You hit the hobgoblin.
The hobgoblin is almost dead.
The hobgoblin closely misses you.
You hit the hobgoblin.
You kill the hobgoblin!
You hit the endoplasm.
The endoplasm is lightly wounded.
The endoplasm jiggles.
The endoplasm hits you.
You hit the endoplasm.
The endoplasm is moderately wounded.
The endoplasm freezes you.
You are frozen.
* * * LOW HITPOINT WARNING * * *
You hit the endoplasm but do no damage.
The endoplasm is moderately wounded.
The endoplasm hits you.
* * * LOW HITPOINT WARNING * * *
You hit the endoplasm.
The endoplasm is moderately wounded.
The endoplasm freezes you.
You are frozen.
You die...
Ignis goes out, and joins you in death.

#.........#
#.........#
#.........#
#(........#
#.....)...# #
#.........#
#.###!......###
#....#J.......#
####.@#.......#.
##...........
#############......#
.........####......#.
##...............
#..####......).#.
#.#####.#.######
##.#.....#...
####....#######.#


You could see an endoplasm.

Vanquished Creatures
  A dart slug (D:1)
  2 hobgoblins (D:1)
  A goblin (D:1)
  A kobold (D:1)
5 creatures vanquished.

Notes
Turn   | Place    | Note
-------+----------+-------------------------------------------
     0 | D:1      | croobank the Demonspawn Cinder Acolyte began the quest for
                  | the Orb.
     0 | D:1      | Reached XP level 1. HP: 18/18 MP: 2/2
   233 | D:1      | Frozen to death by an endoplasm

Illustrated notes

Levels and vault maps discovered:
D:1:      minmay_arrival_solitary_statue, layout_rooms

Action                     || total
---------------------------++-------
  Melee: Short sword       ||    29
         Dagger            ||    15
 Armour: Robe              ||    19
  Dodge: Dodged            ||    11

Table legend: (Time is in decaauts)
 A = Elapsed time spent in this place.
 B = Non-inter-level travel time spent in this place.
 C = Inter-level travel time spent in this place.
 D = Time resting spent in this place.
 E = Time spent auto-exploring this place.
 F = Levels seen in this place.
 G = Mean time per level.
                   A        B        C        D        E       F      G
               +--------+--------+--------+--------+--------+-----+--------+
         Total |    226 |    226 |      0 |     67 |     60 |   1 |  226.0 |
       Dungeon |    226 |    226 |      0 |     67 |     60 |   1 |  226.0 |
               +--------+--------+--------+--------+--------+-----+--------+

Top non-repeatable levels by time:
     D:1: 226 daAuts
